General information
- name: BNet
- type: Ladder team game (AT/RT)
- host: Battle.net
- saver: BirdsOfPrey
map: Deathknell
- players: 8
- length: 56:19
- speed: Fast
- version: 1.26 W3XP
- replay type: Public
» download(348 KB)
Players
team 1 (winner)
cool.nape (
purple | 55 APM | 3108 actions | 56:19)
7 Far Seer
3 Feral Spirit
3 Chain Lighting
1 Earth Quake
3 Tauren Chieftain
2 War Stomp
1 Endurance Aura
2 Shadow Hunter
1 Healing Wave
1 Hex
» actions
| Assign group hotkey | 56 | |
| Basic commands | 135 | |
| Build / train | 114 | |
| ESC pressed | 5 | |
| Enter build submenu | 43 | |
| Enter hero's abilities submenu | 12 | |
| Give item / drop item | 5 | |
| Remove unit from queue | 2 | |
| Right click | 1659 | |
| Select / deselect | 512 | |
| Select group hotkey | 346 | |
| Use ability | 218 | |
3108 total
» units
| Peon | 14 | |
| Grunt | 7 | |
| Goblin Shredder | 3 | |
| Ice Troll Berserker | 1 | |
| Wind Rider | 6 | |
| Troll Batrider | 5 | |
36 total
» upgrades
| Spiked Barricades | 1 | |
| Pillage | 1 | |
| Ranged Weapons | 2 | |
| Envenomed Spears | 1 | |
| Armor | 1 | |
6 total
» buildings
| Altar of Storms | 4 | |
| Barracks | 1 | |
| Orc Burrow | 28 | |
| Voodoo Lounge | 3 | |
| Stronghold | 4 | |
| War Mill | 1 | |
| Beastiary | 3 | |
| Fortress | 1 | |
| Great Hall | 1 | |
46 total
» build order
00:09 Altar of Storms
00:18 Barracks
00:27 Orc Burrow
01:36 Orc Burrow
02:00 Voodoo Lounge
03:40 Stronghold
03:40 Stronghold
04:37 Orc Burrow
04:40 War Mill
05:12 Orc Burrow
06:15 Beastiary
07:15 Fortress
07:18 Beastiary
08:19 Great Hall
09:57 Orc Burrow
13:21 Orc Burrow
13:22 Orc Burrow
13:23 Orc Burrow
15:16 Orc Burrow
15:44 Orc Burrow
16:39 Orc Burrow
16:47 Orc Burrow
16:48 Orc Burrow
16:53 Orc Burrow
17:48 Orc Burrow
17:50 Orc Burrow
17:56 Orc Burrow
17:57 Orc Burrow
18:27 Orc Burrow
19:04 Orc Burrow
19:07 Orc Burrow
19:09 Orc Burrow
20:16 Beastiary
21:43 Voodoo Lounge
22:06 Voodoo Lounge
22:16 Altar of Storms
28:31 Altar of Storms
28:55 Orc Burrow
29:38 Orc Burrow
30:54 Orc Burrow
35:21 Altar of Storms
35:36 Orc Burrow
35:40 Orc Burrow
35:41 Orc Burrow
» items
| Healing Salve | 6 | |
| Lesser Clarity Potion | 6 | |
| Scroll of Town Portal | 2 | |
| Potion of Healing | 7 | |
| Orb of Lightning | 5 | |
| Potion of Mana | 4 | |
30 total
Arashicage (
green | 46 APM | 2569 actions | 56:19)
9 Blademaster
3 Wind Walk
3 Critical Strike
1 Bladestorm
2 Mirror Image
» actions
| Assign group hotkey | 29 | |
| Basic commands | 255 | |
| Build / train | 78 | |
| Enter build submenu | 65 | |
| Enter hero's abilities submenu | 9 | |
| Give item / drop item | 4 | |
| Remove unit from queue | 3 | |
| Right click | 1186 | |
| Select / deselect | 382 | |
| Select group hotkey | 238 | |
| Use ability | 320 | |
2569 total
» units
| Peon | 11 | |
| Grunt | 7 | |
| Goblin Shredder | 1 | |
| Goblin Zeppelin | 1 | |
| Troll Batrider | 8 | |
28 total
» upgrades
| Ranged Weapons | 3 | |
| Armor | 3 | |
| Reinforced Defenses | 1 | |
| Spiked Barricades | 3 | |
| Troll Regeneration | 1 | |
| Burning Oil | 1 | |
| Liquid Fire | 1 | |
| Pillage | 1 | |
14 total
» buildings
| Orc Burrow | 7 | |
| Altar of Storms | 1 | |
| Barracks | 1 | |
| Voodoo Lounge | 2 | |
| Stronghold | 1 | |
| War Mill | 1 | |
| Great Hall | 4 | |
| Watch Tower | 43 | |
| Fortress | 1 | |
| Beastiary | 6 | |
67 total
» build order
00:16 Orc Burrow
00:52 Altar of Storms
00:54 Barracks
01:22 Orc Burrow
01:58 Voodoo Lounge
02:51 Stronghold
04:00 Orc Burrow
04:19 War Mill
05:23 Great Hall
07:13 Watch Tower
07:13 Watch Tower
07:14 Watch Tower
07:14 Watch Tower
07:20 Watch Tower
07:21 Watch Tower
08:13 Fortress
08:28 Watch Tower
08:30 Watch Tower
08:32 Watch Tower
08:35 Watch Tower
08:53 Orc Burrow
13:50 Watch Tower
13:51 Watch Tower
13:51 Watch Tower
13:51 Watch Tower
13:52 Watch Tower
14:37 Great Hall
14:40 Great Hall
14:55 Watch Tower
14:55 Watch Tower
14:55 Watch Tower
14:56 Watch Tower
14:57 Watch Tower
14:58 Watch Tower
14:59 Watch Tower
15:00 Watch Tower
15:19 Voodoo Lounge
15:20 Watch Tower
15:25 Watch Tower
17:16 Watch Tower
17:18 Watch Tower
17:23 Watch Tower
17:29 Watch Tower
19:33 Beastiary
19:35 Beastiary
19:37 Beastiary
19:40 Beastiary
19:45 Beastiary
20:09 Beastiary
20:18 Orc Burrow
20:22 Orc Burrow
20:26 Orc Burrow
27:15 Watch Tower
27:16 Watch Tower
27:16 Watch Tower
27:17 Watch Tower
27:17 Watch Tower
27:24 Watch Tower
27:24 Watch Tower
27:24 Watch Tower
27:25 Watch Tower
27:26 Watch Tower
27:26 Watch Tower
27:26 Watch Tower
27:27 Watch Tower
28:41 Great Hall
» items
| Healing Salve | 6 | |
| Potion of Healing | 3 | |
| Lesser Clarity Potion | 2 | |
| Potion of Mana | 5 | |
| Scroll of Town Portal | 3 | |
| Orb of Lightning | 1 | |
20 total
BirdsOfPrey (
teal | 100 APM | 5605 actions | 56:19)
6 Archmage
3 Summon Water Elemental
2 Brilliance Aura
1 Mass Teleport
5 Mountain King
3 Storm Bolt
2 Thunder Clap
» actions
| Assign group hotkey | 160 | |
| Basic commands | 377 | |
| Build / train | 234 | |
| ESC pressed | 15 | |
| Enter build submenu | 60 | |
| Enter hero's abilities submenu | 12 | |
| Give item / drop item | 2 | |
| Remove unit from queue | 2 | |
| Right click | 1986 | |
| Select / deselect | 731 | |
| Select group hotkey | 1659 | |
| Use ability | 367 | |
5605 total
» units
| Peasant | 19 | |
| Footman | 4 | |
| Goblin Shredder | 3 | |
| Goblin Zeppelin | 3 | |
| Gryphon Rider | 3 | |
| Flying Machine | 3 | |
| Siege Engine | 2 | |
| Goblin Sapper | 7 | |
| Spell Breaker | 1 | |
45 total
» upgrades
| Masonry | 3 | |
| Lumber Harvesting | 2 | |
| Swords | 3 | |
| Armor | 3 | |
| Storm Hammers | 1 | |
| Cloud | 1 | |
| Animal War Training | 1 | |
| Backpack | 1 | |
| Gunpowder | 3 | |
| Plating | 3 | |
| Defend | 1 | |
| Long Rifles | 2 | |
| Barrage | 1 | |
| Flak Cannons | 1 | |
| Flying Machine Bombs | 1 | |
| Fragmentation Shards | 1 | |
| Flare | 1 | |
| Sorceress Training | 2 | |
| Magic Sentry | 1 | |
| Priest Training | 2 | |
| Control Magic | 1 | |
35 total
» buildings
| Barracks | 1 | |
| Altar of Kings | 1 | |
| Farm | 9 | |
| Arcane Vault | 1 | |
| Town Hall | 2 | |
| Keep | 3 | |
| Castle | 4 | |
| Lumber Mill | 2 | |
| Blacksmith | 1 | |
| Scout Tower | 38 | |
| Arcane Tower | 1 | |
| Guard Tower | 39 | |
| Gryphon Aviary | 4 | |
| Workshop | 7 | |
| Arcane Sanctum | 1 | |
| Cannon Tower | 36 | |
150 total
» build order
00:56 Barracks
00:58 Altar of Kings
01:09 Farm
01:11 Farm
01:44 Farm
02:06 Arcane Vault
02:30 Farm
04:17 Town Hall
04:47 Keep
04:47 Keep
06:56 Farm
07:21 Castle
07:21 Castle
07:21 Castle
07:24 Lumber Mill
07:27 Lumber Mill
08:29 Blacksmith
10:03 Scout Tower
10:06 Scout Tower
10:07 Scout Tower
10:35 Guard Tower
10:36 Guard Tower
11:46 Gryphon Aviary
11:48 Gryphon Aviary
13:10 Gryphon Aviary
13:11 Gryphon Aviary
15:40 Farm
15:40 Farm
15:42 Farm
15:43 Farm
16:53 Town Hall
17:00 Scout Tower
17:01 Scout Tower
17:02 Scout Tower
17:02 Scout Tower
17:20 Scout Tower
17:21 Scout Tower
17:23 Scout Tower
17:23 Scout Tower
17:24 Scout Tower
17:25 Scout Tower
17:26 Scout Tower
17:27 Scout Tower
17:28 Scout Tower
17:29 Scout Tower
17:30 Scout Tower
17:32 Scout Tower
17:33 Guard Tower
17:34 Guard Tower
17:35 Guard Tower
17:35 Guard Tower
18:22 Guard Tower
18:22 Guard Tower
18:22 Guard Tower
18:25 Guard Tower
18:25 Guard Tower
18:25 Guard Tower
18:26 Guard Tower
18:26 Guard Tower
18:26 Guard Tower
18:26 Guard Tower
18:33 Guard Tower
18:33 Guard Tower
18:33 Guard Tower
18:53 Guard Tower
18:53 Guard Tower
18:54 Guard Tower
18:57 Guard Tower
18:57 Guard Tower
18:57 Guard Tower
19:52 Workshop
19:53 Workshop
19:57 Workshop
19:59 Workshop
20:00 Workshop
20:04 Workshop
20:08 Workshop
20:29 Arcane Sanctum
44:46 Scout Tower
45:02 Scout Tower
45:04 Scout Tower
45:06 Scout Tower
45:09 Scout Tower
45:38 Cannon Tower
45:38 Cannon Tower
45:49 Cannon Tower
45:50 Cannon Tower
45:51 Cannon Tower
45:51 Cannon Tower
45:51 Cannon Tower
45:52 Cannon Tower
47:27 Scout Tower
47:29 Scout Tower
47:30 Scout Tower
47:31 Scout Tower
47:32 Scout Tower
47:40 Scout Tower
47:42 Scout Tower
47:56 Guard Tower
47:56 Guard Tower
47:57 Guard Tower
47:59 Cannon Tower
47:59 Cannon Tower
48:00 Cannon Tower
48:00 Cannon Tower
48:00 Cannon Tower
48:02 Scout Tower
48:04 Cannon Tower
48:04 Cannon Tower
48:04 Cannon Tower
48:06 Scout Tower
48:09 Cannon Tower
48:10 Cannon Tower
48:23 Cannon Tower
48:23 Cannon Tower
48:32 Cannon Tower
48:32 Cannon Tower
52:04 Scout Tower
52:05 Scout Tower
52:06 Scout Tower
52:07 Scout Tower
52:12 Scout Tower
52:52 Cannon Tower
52:53 Cannon Tower
» items
| Scroll of Regeneration | 3 | |
| Scroll of Town Portal | 2 | |
| Staff of Sanctuary | 1 | |
| Orb of Fire | 1 | |
| Mechanical Critter | 2 | |
| Potion of Healing | 2 | |
| Orb of Lightning | 1 | |
| Healing Salve | 1 | |
| Potion of Mana | 1 | |
14 total
itchypubes (
orange | 85 APM | 3986 actions | 47:04)
5 Blademaster
3 Wind Walk
2 Critical Strike
4 Shadow Hunter
2 Healing Wave
2 Hex
3 Tauren Chieftain
2 Endurance Aura
1 Shockwave
» actions
| Assign group hotkey | 157 | |
| Basic commands | 74 | |
| Build / train | 123 | |
| ESC pressed | 4 | |
| Enter build submenu | 46 | |
| Enter hero's abilities submenu | 12 | |
| Give item / drop item | 1 | |
| Right click | 1540 | |
| Select / deselect | 527 | |
| Select group hotkey | 1223 | |
| Use ability | 279 | |
3986 total
» units
| Peon | 22 | |
| Grunt | 10 | |
| Raider | 12 | |
| Tauren | 7 | |
51 total
» upgrades
| Armor | 3 | |
| Ensnare | 1 | |
| Reinforced Defenses | 1 | |
| Pillage | 1 | |
| Melee Weapons | 1 | |
7 total
» buildings
| Altar of Storms | 2 | |
| Orc Burrow | 7 | |
| Barracks | 1 | |
| War Mill | 1 | |
| Voodoo Lounge | 2 | |
| Stronghold | 2 | |
| Great Hall | 2 | |
| Fortress | 2 | |
| Beastiary | 1 | |
| Tauren Totem | 1 | |
| Watch Tower | 24 | |
45 total
» build order
00:20 Altar of Storms
00:36 Orc Burrow
00:52 Barracks
01:06 War Mill
01:44 Orc Burrow
02:11 Voodoo Lounge
03:26 Stronghold
03:26 Stronghold
04:47 Orc Burrow
05:57 Great Hall
07:22 Fortress
07:25 Beastiary
08:28 Orc Burrow
09:31 Great Hall
10:14 Tauren Totem
10:43 Orc Burrow
11:49 Watch Tower
12:50 Orc Burrow
13:36 Watch Tower
16:27 Watch Tower
16:27 Watch Tower
16:31 Watch Tower
17:26 Watch Tower
18:02 Watch Tower
18:04 Watch Tower
18:11 Watch Tower
18:57 Watch Tower
19:01 Watch Tower
19:06 Watch Tower
19:45 Watch Tower
20:08 Watch Tower
20:45 Watch Tower
21:07 Watch Tower
21:17 Watch Tower
21:18 Watch Tower
21:45 Orc Burrow
21:59 Watch Tower
22:07 Voodoo Lounge
22:32 Watch Tower
22:34 Watch Tower
22:35 Watch Tower
23:06 Watch Tower
28:51 Watch Tower
28:52 Altar of Storms
» items
| Healing Salve | 6 | |
| Lesser Clarity Potion | 5 | |
| Scroll of Speed | 5 | |
| Tiny Great Hall | 2 | |
| Orb of Lightning | 1 | |
| Scroll of Town Portal | 2 | |
| Potion of Mana | 1 | |
22 total
team 2 (loser)
Per(S)euS- (
red | 35 APM | 902 actions | 25:44)
4 Death Knight
2 Death Coil
1 Death Pact
1 Unholy Aura
1 Dreadlord
1 Sleep
» actions
| Assign group hotkey | 28 | |
| Basic commands | 1 | |
| Build / train | 66 | |
| Enter build submenu | 13 | |
| Enter hero's abilities submenu | 7 | |
| Give item / drop item | 1 | |
| Remove unit from queue | 4 | |
| Right click | 463 | |
| Select / deselect | 249 | |
| Select group hotkey | 22 | |
| Use ability | 48 | |
902 total
» units
| Acolyte | 15 | |
| Ghoul | 15 | |
| Frost Wyrm | 16 | |
46 total
» upgrades
| Creature Attack | 2 | |
| Creature Carapace | 2 | |
4 total
» buildings
| Crypt | 1 | |
| Ziggurat | 6 | |
| Graveyard | 1 | |
| Altar of Darkness | 1 | |
| Halls of the Dead | 1 | |
| Black Citadel | 1 | |
| Sacrificial Pit | 1 | |
| Spirit Tower | 1 | |
| Boneyard | 2 | |
15 total
» build order
00:23 Crypt
00:27 Ziggurat
00:41 Graveyard
00:57 Altar of Darkness
01:35 Ziggurat
02:41 Ziggurat
04:04 Halls of the Dead
05:10 Ziggurat
07:30 Black Citadel
07:34 Sacrificial Pit
10:21 Spirit Tower
12:23 Boneyard
12:26 Boneyard
17:39 Ziggurat
17:41 Ziggurat
» items
| Potion of Healing | 1 | |
| Scroll of Town Portal | 1 | |
2 total

»
N1GGAYOUGAY (
blue | 44 APM | 1315 actions | 29:54)
4 Pandaren Brewmaster
2 Drunken Haze
2 Drunken Brawler
1 Archmage
1 Summon Water Elemental
» actions
| Basic commands | 3 | |
| Build / train | 59 | |
| Enter build submenu | 30 | |
| Enter hero's abilities submenu | 5 | |
| Give item / drop item | 1 | |
| Right click | 710 | |
| Select / deselect | 446 | |
| Use ability | 61 | |
1315 total
» units
| Peasant | 8 | |
| Footman | 4 | |
| Rifleman | 14 | |
| Siege Engine | 9 | |
| Priest | 1 | |
36 total
» upgrades
| Gunpowder | 2 | |
| Plating | 1 | |
| Armor | 1 | |
| Barrage | 1 | |
| Long Rifles | 1 | |
6 total
» buildings
| Farm | 15 | |
| Altar of Kings | 1 | |
| Barracks | 1 | |
| Lumber Mill | 1 | |
| Blacksmith | 1 | |
| Arcane Vault | 1 | |
| Keep | 1 | |
| Scout Tower | 6 | |
| Castle | 1 | |
| Guard Tower | 4 | |
| Workshop | 2 | |
34 total
» build order
00:21 Farm
00:59 Farm
01:09 Altar of Kings
01:34 Barracks
02:02 Lumber Mill
02:23 Blacksmith
02:31 Farm
03:36 Farm
03:40 Arcane Vault
03:46 Farm
04:31 Keep
05:04 Farm
05:06 Farm
05:07 Farm
05:10 Scout Tower
05:11 Scout Tower
06:54 Castle
07:33 Farm
08:29 Guard Tower
08:53 Workshop
09:09 Workshop
09:20 Guard Tower
18:29 Farm
19:16 Farm
19:28 Farm
19:38 Farm
19:43 Farm
20:11 Scout Tower
20:15 Scout Tower
20:22 Scout Tower
20:42 Guard Tower
20:49 Guard Tower
20:52 Scout Tower
20:56 Farm
» items
| Scroll of Regeneration | 1 | |
| Mechanical Critter | 2 | |
| Potion of Healing | 1 | |
| Scroll of Town Portal | 1 | |
5 total
KATIE-KAT-KITTY (
yellow | 53 APM | 2960 actions | 56:19)
7 Archmage
3 Summon Water Elemental
3 Brilliance Aura
1 Mass Teleport
3 Mountain King
2 Storm Bolt
1 Bash
» actions
| Assign group hotkey | 93 | |
| Basic commands | 28 | |
| Build / train | 93 | |
| Enter build submenu | 32 | |
| Enter hero's abilities submenu | 10 | |
| Give item / drop item | 6 | |
| Remove unit from queue | 2 | |
| Right click | 1452 | |
| Select / deselect | 332 | |
| Select group hotkey | 722 | |
| Use ability | 190 | |
2960 total
» units
| Peasant | 14 | |
| Footman | 4 | |
| Goblin Shredder | 2 | |
| Gryphon Rider | 17 | |
| Dragonhawk Rider | 4 | |
| Gnoll Overseer | 1 | |
| Knight | 1 | |
| Goblin Zeppelin | 1 | |
44 total
» upgrades
| Masonry | 3 | |
| Swords | 3 | |
| Armor | 3 | |
| Animal War Training | 1 | |
| Storm Hammers | 1 | |
| Cloud | 1 | |
12 total
» buildings
| Barracks | 2 | |
| Altar of Kings | 1 | |
| Farm | 14 | |
| Scout Tower | 21 | |
| Arcane Tower | 1 | |
| Arcane Vault | 1 | |
| Town Hall | 2 | |
| Lumber Mill | 3 | |
| Keep | 1 | |
| Guard Tower | 5 | |
| Blacksmith | 2 | |
| Castle | 1 | |
| Gryphon Aviary | 6 | |
60 total
» build order
00:09 Barracks
00:23 Altar of Kings
00:38 Farm
00:52 Farm
01:36 Scout Tower
01:49 Farm
02:11 Arcane Tower
02:36 Arcane Vault
02:53 Farm
04:06 Town Hall
04:09 Scout Tower
04:09 Scout Tower
04:10 Scout Tower
04:18 Lumber Mill
04:22 Lumber Mill
04:51 Scout Tower
04:51 Scout Tower
04:51 Scout Tower
06:13 Keep
06:15 Guard Tower
06:28 Lumber Mill
06:39 Scout Tower
06:40 Scout Tower
06:40 Scout Tower
06:47 Scout Tower
06:47 Scout Tower
06:47 Scout Tower
07:35 Guard Tower
07:42 Guard Tower
07:54 Blacksmith
07:58 Barracks
08:19 Scout Tower
08:20 Scout Tower
08:42 Castle
09:13 Guard Tower
09:15 Blacksmith
09:44 Gryphon Aviary
09:45 Gryphon Aviary
09:45 Gryphon Aviary
09:47 Gryphon Aviary
10:31 Farm
10:32 Farm
10:33 Farm
10:34 Farm
10:50 Farm
10:50 Farm
10:51 Farm
10:52 Farm
10:59 Gryphon Aviary
12:06 Farm
12:07 Farm
14:28 Town Hall
19:16 Scout Tower
19:17 Scout Tower
19:17 Scout Tower
19:17 Scout Tower
20:37 Guard Tower
26:31 Gryphon Aviary
» items
| Scroll of Regeneration | 10 | |
| Lesser Clarity Potion | 1 | |
| Staff of Sanctuary | 1 | |
12 total
B1tchezBeTripin (
pink | 64 APM | 1389 actions | 21:35)
4 Archmage
2 Summon Water Elemental
2 Brilliance Aura
3 Dark Ranger
1 Black Arrow
1 Life Drain
1 Silence
» actions
| Assign group hotkey | 40 | |
| Basic commands | 234 | |
| Build / train | 60 | |
| ESC pressed | 4 | |
| Enter build submenu | 23 | |
| Enter hero's abilities submenu | 8 | |
| Right click | 262 | |
| Select / deselect | 325 | |
| Select group hotkey | 351 | |
| Use ability | 82 | |
1389 total
» units
| Peasant | 8 | |
| Footman | 5 | |
| Sorceress | 5 | |
| Priest | 2 | |
| Spell Breaker | 5 | |
25 total
» upgrades
| Priest Training | 2 | |
| Sorceress Training | 2 | |
| Magic Sentry | 1 | |
| Control Magic | 1 | |
| Plating | 3 | |
| Swords | 1 | |
10 total
» buildings
| Altar of Kings | 1 | |
| Farm | 11 | |
| Barracks | 1 | |
| Scout Tower | 2 | |
| Arcane Tower | 5 | |
| Arcane Vault | 3 | |
| Keep | 1 | |
| Arcane Sanctum | 2 | |
| Castle | 1 | |
| Lumber Mill | 1 | |
| Blacksmith | 1 | |
29 total
» build order
00:06 Altar of Kings
00:19 Farm
00:23 Farm
00:35 Barracks
01:25 Scout Tower
01:41 Scout Tower
01:58 Arcane Tower
01:58 Arcane Tower
01:59 Arcane Tower
02:17 Arcane Tower
02:24 Farm
02:41 Farm
02:51 Arcane Vault
03:43 Keep
05:03 Farm
05:03 Farm
05:29 Farm
06:10 Arcane Sanctum
06:12 Arcane Sanctum
06:55 Farm
06:55 Farm
06:59 Castle
07:02 Lumber Mill
14:25 Arcane Vault
14:46 Blacksmith
14:48 Farm
14:49 Farm
20:50 Arcane Vault
» items
| Scroll of Regeneration | 5 | |
| Scroll of Town Portal | 3 | |
8 total
Chat log
(00:09 / All) BirdsOfPrey: Watch out, high levels
(00:13 / All) BirdsOfPrey: The level 1s are here
(00:14 / All) Arashicage: Katie Perry has a great ass
(00:20 / All) KATIE-KAT-KITTY: im good relax, used to be level 22
(00:32 / All) N1GGAYOUGAY: oh snap
(00:33 / All) BirdsOfPrey: Is it even possible to get to level 50 now?
(00:36 / All) N1GGAYOUGAY: yellows good guys
(00:39 / All) N1GGAYOUGAY: idk
(00:44 / All) B1tchezBeTripin: no
(01:13 / All) Arashicage: Give me 5 minutes with that ass I'll turn it red
(01:15 / All) KATIE-KAT-KITTY: anybody got a ps4 yet
(01:16 / All) Arashicage: 5 minutes and a chainsaw
(02:38 / Allies) Arashicage: Gold?
(02:39 / Allies) Arashicage: Lumber?
(04:05 / All) BirdsOfPrey: xp tome and +6 robe, ideal items for my am nice
(04:21 / All) N1GGAYOUGAY: get ti
(04:28 / All) N1GGAYOUGAY: so i can fuck u up with my panda
(05:55 / Allies) BirdsOfPrey: I could use that pendant
(06:00 / Allies) BirdsOfPrey: You should give it to me so I can get a mk
(06:12 / Allies) itchypubes: i was gonna use it for my shadow hunter
(06:24 / Allies) BirdsOfPrey: It's better on MK than your heroes
(06:27 / Allies) BirdsOfPrey: so it would help our team win easier
(06:28 / Allies) Arashicage: Gotta offer money for that
(06:36 / Allies) BirdsOfPrey: Yeah I'll give 1k for it
(07:02 / Allies) itchypubes: lol just take it
(07:05 / Allies) itchypubes: just make sure u use it well
(07:07 / Allies) BirdsOfPrey: ty man
(07:15 / Allies) BirdsOfPrey: I appreciate it
(07:29 / Allies) Arashicage: That never happens to me even when I offer money lawl
(07:33 / Allies) BirdsOfPrey: yeah
(07:44 / Allies) itchypubes: ty
(07:46 / Allies) Arashicage: he's going straight for me lawl
(09:43 / All) Per(S)euS-: god damn
(09:47 / All) Per(S)euS-: yall hero focus enough?
(09:54 / All) BirdsOfPrey: Clearly not, didn't get your dk
(11:39 / All) Per(S)euS-: worst team ive ever been on
(11:52 / All) Arashicage: That's what they all say
(12:05 / All) Per(S)euS-: da da da
(12:09 / All) Per(S)euS-: u so funnie
(12:12 / All) Per(S)euS-: du du du
(14:00 / All) Arashicage: awwwwwww
(14:05 / All) Per(S)euS-: ur good bro
(14:17 / All) Arashicage: you got me a split second before I wind walkl
(16:56 / All) KATIE-KAT-KITTY: blue is saying red mh'd lol
(17:08 / All) Arashicage: you're so good you need mh
(17:16 / All) Per(S)euS-: what?
(17:18 / All) KATIE-KAT-KITTY: wheres ur burrows purp
(17:21 / All) Arashicage: mher
(17:27 / All) Per(S)euS-: how u get that?
(17:35 / All) Arashicage: my invis BM
(17:39 / All) Arashicage: that you followed to your gold mine
(17:44 / All) Arashicage: when you obviously didn't have shade
(18:47 / All) Arashicage: I took your expansion, how does that make you feel?
(19:02 / All) BirdsOfPrey: And I took your other
(19:40 / All) BirdsOfPrey: remake them ghouls now son
(19:51 / Allies) Arashicage: lumber
(21:15 / All) Arashicage: LAWL
(21:38 / All) Arashicage: lawl
(21:45 / All) Arashicage: you're terrible at this game red
(23:39 / All) Arashicage: how mad you arE?
(24:02 / All) Arashicage: how mad you are?
(24:08 / All) BirdsOfPrey: HOW MAD YOU ARE BRO
(24:10 / All) BirdsOfPrey: HOW MAD YOU ARE
(24:12 / All) Per(S)euS-: not mad
(24:13 / All) Per(S)euS-: 2v1
(24:30 / All) Arashicage: you mad
(24:34 / All) Per(S)euS-: na
(24:40 / All) Arashicage: fuming
(24:42 / Allies) Arashicage: was he pinging
(24:47 / All) Arashicage: get more wyrms
(24:48 / Allies) BirdsOfPrey: not that I could see
(25:10 / Allies) Arashicage: kill his hall, expo
(25:11 / Allies) Arashicage: and towers
(25:13 / Allies) Arashicage: but leave the rest
(25:17 / Allies) Arashicage: so I can build a hall in his base
(25:21 / All) Per(S)euS-: yellow has 4000 gold
(25:23 / All) Per(S)euS-: hahaha
(25:26 / All) Per(S)euS-: noob allies
(25:31 / All) Arashicage: cool story bro
(25:50 / All) BirdsOfPrey: absolutely fuming
(27:52 / All) BirdsOfPrey: move your tauren
(28:19 / All) BirdsOfPrey: fucking clunky orc units
(30:26 / Allies) itchypubes: damn dude
(30:26 / All) KATIE-KAT-KITTY: shit my internet resets tonight
(30:27 / Allies) itchypubes: gave u
(30:27 / Allies) BirdsOfPrey: sorry
(30:29 / Allies) BirdsOfPrey: misclick
(30:31 / Allies) itchypubes: np
(30:34 / All) KATIE-KAT-KITTY: i can afford to visit youtube
(30:42 / All) BirdsOfPrey: nice
(30:56 / All) KATIE-KAT-KITTY: who wants this robe of intell
(30:59 / All) BirdsOfPrey: me
(31:01 / All) BirdsOfPrey: i have an am
(31:02 / Allies) itchypubes: lol whats with the tking
(31:29 / Allies) BirdsOfPrey: did green try to tk?
(31:32 / Allies) itchypubes: u started it
(31:33 / All) BirdsOfPrey: GREEN IS TKER
(31:36 / All) BirdsOfPrey: GREEN IS TKER
(31:37 / Allies) itchypubes: lol
(31:39 / All) Arashicage: ORANGE TKER
(32:05 / All) BirdsOfPrey: TKER NOOB
(33:04 / All) KATIE-KAT-KITTY: i fed purple like 30 griffs
(34:02 / All) BirdsOfPrey: fucking noob tker
(34:06 / All) BirdsOfPrey: I'm going to kill you
(34:29 / All) BirdsOfPrey: TK SCUM
(34:47 / All) KATIE-KAT-KITTY: clap clap purple
(35:40 / All) BirdsOfPrey: YELLOW
(35:42 / All) BirdsOfPrey: KILL THAT BASE
(35:44 / All) BirdsOfPrey: IS A TKING NOOB
(36:03 / All) KATIE-KAT-KITTY: cant believe im winning
(36:11 / All) BirdsOfPrey: fucking tk killer our side
(37:17 / All) Arashicage: Attack my base again asshole!
(37:40 / All) BirdsOfPrey: fuckin tker scum on my battlenet
(37:45 / All) BirdsOfPrey: omfg
(37:48 / All) BirdsOfPrey: we almost won this
(39:36 / All) BirdsOfPrey: I'm reporting this to blizzerd
(39:40 / All) BirdsOfPrey: tker ruin the game
(39:51 / All) Arashicage: Fuck blizzard, they're a part of the system
(39:55 / All) Arashicage: fuck blizzard and fuck the man!
(42:19 / Allies) cool.nape: ha
(43:12 / All) KATIE-KAT-KITTY: why aint purple talking
(47:35 / Allies) BirdsOfPrey: move the peon
(47:48 / All) Arashicage: It would have been funnier if the peon slowly killed him
(47:52 / All) Arashicage: like 10 minutes to kill him
(47:54 / All) BirdsOfPrey: Takes forever though
(48:05 / All) Arashicage: While he sits there during his ignoble death
(48:14 / All) Arashicage: It was more poetic
(48:52 / All) BirdsOfPrey: I've never made such a nice prison around a hero before
(50:40 / All) KATIE-KAT-KITTY: lol!
(50:52 / All) BirdsOfPrey: pro jail
(51:00 / All) BirdsOfPrey: Made his tauren chieftain go BOOM!
(51:15 / All) Arashicage: He just accepted his fate
(53:39 / Allies) Arashicage: ooooo
(54:31 / Allies) Arashicage: where is his archmage
(54:40 / Allies) BirdsOfPrey: oh
(54:41 / Allies) BirdsOfPrey: nvm
(54:42 / Allies) BirdsOfPrey: not sure
(54:53 / Allies) BirdsOfPrey: zepp
(55:05 / Allies) Arashicage: save buildings for now
(55:11 / Allies) BirdsOfPrey: k will go down to last one
(55:14 / Allies) Arashicage: hopefully it does with zep
(56:13 / Allies) Arashicage: aight
(56:16 / All) BirdsOfPrey: Let us end it now